 Dungeon Crawl Stone Soup version 0.29-a0-1047-g7c58e119a4 (webtiles) character file.

Game seed: 17473301841666155238

100 siradein the Chopper (level 4, -7/42 HPs)
             Began as a Hill Orc Monk on Aug 16, 2022.
             Mangled by a gnoll
             ... wielding a +0 halberd
              (14 damage)
             ... on level 3 of the Dungeon.
             The game lasted 00:03:05 (2860 turns).

siradein the Chopper (Hill Orc Monk)                Turns: 2860, Time: 00:03:05

Health: -7/42      AC:  5    Str: 15    XL:     4   Next: 74%
Magic:  4/4        EV: 11    Int: 10    God:
Gold:   171        SH:  0    Dex: 13    Spells: 3/3 levels left

rFire   . . .      SeeInvis .   a - +0 hand axe
rCold   . . .      Faith    .   (no shield)
rNeg    . . .      Spirit   .   g - +0 ring mail
rPois   .          Reflect  .   (no helmet)
rElec   .          Harm     .   (no cloak)
rCorr   .          Rampage  .   (no gloves)
Will    +....                   (no boots)
Stlth   +.........              (no amulet)
HPRegen 0.14/turn               m - ring of willpower
MPRegen 0.09/turn               (no ring)

@: no status effects
A: no striking features
a: no special abilities


You were on level 3 of the Dungeon.
You visited 1 branch of the dungeon, and saw 3 of its levels.

You collected 171 gold pieces.

Inventory:

Hand Weapons
 a - a +0 hand axe (weapon)
Armour
 g - a +0 ring mail (worn)
Jewellery
 m - a ring of willpower (left hand)
Scrolls
 h - a scroll of teleportation
 j - a scroll of amnesia {unknown}
 k - a scroll of immolation {unknown}
 l - 4 scrolls of poison {unknown}
 p - a scroll of magic mapping {unknown}
Potions
 b - 2 potions of curing
 c - a potion of ambrosia
 e - a potion of heal wounds
 f - a potion of attraction {unknown}
 i - 2 potions of resistance
 n - a potion of flight {unknown}
 o - a potion of berserk rage {unknown}


   Skills:
 + Level 5.2 Fighting
 + Level 5.7 Axes
 - Level 2.4 Dodging
 - Level 1.5 Stealth


You had 3 spell levels left.
You didn't know any spells.
Your spell library was empty.

Dungeon Overview and Level Annotations

Branches:
Dungeon (3/15)

Altars:


Message History

The gnoll shouts!
There are monsters nearby!
There are monsters nearby!
There are monsters nearby!
There is a stone staircase leading down here.
A gnoll is nearby!
The gnoll throws a throwing net.
The throwing net hits you.
You become entangled in the net!
You see here a throwing net.
You tear a large gash into the net.
You struggle against the net.
The gnoll hits you from afar with a +0 halberd!
You struggle against the net.
The gnoll closely misses you.
You shred the net and break free!
The gnoll hits you from afar with a +0 halberd!
The gnoll hits you but does no damage.
The gnoll throws a throwing net.
The throwing net closely misses you.
You see here a throwing net.
The gnoll hits you from afar with a +0 halberd!
The gnoll barely misses you. The gnoll hits you but does no damage.
You hit the gnoll.
The gnoll is lightly wounded.
The gnoll hits you with a +0 halberd!
* * * LOW HITPOINT WARNING * * *
The gnoll hits you but does no damage.
You completely miss the gnoll.
The gnoll is lightly wounded.
The gnoll barely misses you. The gnoll hits you but does no damage.
You hit the gnoll.
The gnoll is moderately wounded.
The gnoll barely misses you.
The gnoll hits you from afar with a +0 spear.
* * * LOW HITPOINT WARNING * * *
You hit the gnoll.
The gnoll is severely wounded.
The gnoll completely misses you. The gnoll barely misses you.
You barely miss the gnoll.
The gnoll is severely wounded.
The gnoll hits you with a +0 halberd!
You die...

####### ######### #.....#
...#...#####.#.#.#
#.#.#.#.....#.#.# #
#.#.#......(#.#.# #.
#.#.#.....#g#.#.# ...
#.#.#...g.#g#.#.#
?.gg#.#.#...g.#g#.#.#
....g.#..>....#@#.#.#
......#.......#.#.#.#
........#.....#.#.#.#
........#.....#.#.#.#
.#....#.#.#.....#.#.#
##...#.#.#.....#.#.######
.....#.#.#...#^#.#......#
.#..#
#.#.#.....#........# ...#
#.#.#...............


You could see 3 gnolls.

Vanquished Creatures
  An orc priest (D:2)
  3 adders (D:2)
  A worm (D:2)
  2 orcs (D:2)
  5 ball pythons
  A bat (D:1)
  6 endoplasms (D:1)
  A giant cockroach (D:2)
  4 hobgoblins (D:1)
  7 kobolds
  2 quokkas (D:1)
  A frilled lizard (D:1)
  2 goblins (D:1)
  3 rats (D:1)
39 creatures vanquished.

Notes
Turn   | Place    | Note
-------+----------+-------------------------------------------
     0 | D:1      | siradein the Hill Orc Monk began the quest for the Orb.
     0 | D:1      | Reached XP level 1. HP: 19/19 MP: 1/1
   106 | D:1      | Found a faded altar of an unknown god.
   378 | D:1      | Reached XP level 2. HP: 18/27 MP: 2/2
   970 | D:1      | Reached XP level 3. HP: 34/34 MP: 3/3
  1468 | D:2      | Reached skill level 5 in Axes
  1758 | D:2      | HP: 1/34 [worm (9)]
  2139 | D:2      | Reached skill level 5 in Fighting
  2139 | D:2      | Reached XP level 4. HP: 8/42 MP: 4/4
  2860 | D:3      | Mangled by a gnoll

Illustrated notes

Levels and vault maps discovered:
D:1:      dpeg_arrival_houses_and_road, layout_loops_ring,
          ebering_ecumenical_altar_webs, minmay_tromino_v7
D:2:      layout_loops_cross, serial_park_tiny_2, hangedman_decor_points
D:3:      layout_rooms, grunt_temple_overflow_gold_and_silver,
          trog_hazing_becter, serial_co_window_serial, co_window_paths_b,
          co_window_paths_a, co_window_paths_a, co_window_corner_a,
          co_window_paths_a, co_window_corner_a, co_window_paths_c,
          co_window_2corner, co_window_broadway_a, glass_columns_b,
          glass_columns_a, glass_columns_b, glass_columns_a, glass_columns_a,
          uniq_crazy_yiuf_cottage

Skill      XL: |  1  2  3 |
---------------+----------+-----
Fighting       | 4 5 |  5.2
Axes           | 5 |  5.7
Dodging        | |  2.4
Stealth        | |  1.5

Action                   |  1- 3 |  4- 6 || total
-------------------------+-------+-------++-------
Melee: Hand axe          |   131 |    28 ||   159
       Punch             |     2 |     1 ||     3
  Use: Scroll            |       |     4 ||     4
 Stab: Sleeping          |     2 |     1 ||     3
Armor: Robe              |     2 |       ||     2
       Ring mail         |    32 |    15 ||    47
       Leather armour    |     1 |       ||     1
Dodge: Dodged            |    63 |    22 ||    85

Table legend: (Time is in decaauts)
 A = Elapsed time spent in this place.
 B = Non-inter-level travel time spent in this place.
 C = Inter-level travel time spent in this place.
 D = Time resting spent in this place.
 E = Time spent auto-exploring this place.
 F = Levels seen in this place.
 G = Mean time per level.
                   A        B        C        D        E       F      G
               +--------+--------+--------+--------+--------+-----+--------+
         Total |   2868 |   2743 |    125 |      0 |   2349 |   3 |  956.0 |
       Dungeon |   2868 |   2743 |    125 |      0 |   2349 |   3 |  956.0 |
               +--------+--------+--------+--------+--------+-----+--------+

Top non-repeatable levels by time:
     D:1: 1740 daAuts
     D:2: 1064 daAuts
     D:3: 63 daAuts
